 Dungeon Crawl Stone Soup version 0.19-a0-1886-gd64a0f0 (webtiles) character file.

161 Naow the Chopper (level 5, 0/69 HPs)
             Began as a Minotaur Berserker on Oct 16, 2016.
             Was a Believer of Trog.
             Slain by an orc wizard
             ... wielding a +0 dagger
              (1 damage)
             ... on level 3 of the Dungeon.
             The game lasted 00:05:11 (1444 turns).

Naow the Chopper (Minotaur Berserker)               Turns: 1444, Time: 00:05:12

Health: 0/69       AC:  2    Str: 27    XL:     5   Next: 18%
Magic:  4/4        EV: 12    Int:  5    God:    Trog [**....]
Gold:   178        SH:  0    Dex:  9    Spells: 0 memorised, 4 levels left

rFire  . . .     SeeInvis .     a - +0 hand axe
rCold  . . .     Gourm    .     b - +0 animal skin
rNeg   . . .     Faith    .     (no shield)
rPois  .         Spirit   .     (helmet restricted)
rElec  .         Dismiss  .     (no cloak)
rCorr  .         Reflect  .     (no gloves)
MR     .....     Harm     .     (no boots)
Stlth  ..........               (no amulet)
                                (no ring)
                                (no ring)

@: berserking, very quick
A: retaliatory headbutt, horns 2
a: Berserk, Trog's Hand, Burn Spellbooks, Renounce Religion


You were on level 3 of the Dungeon.
You worshipped Trog.
Trog was pleased with you.
You were very hungry.

You visited 1 branch of the dungeon, and saw 3 of its levels.

You collected 178 gold pieces.

Inventory:

Hand Weapons
 a - a +0 hand axe (weapon)
Armour
 b - a +0 animal skin (worn)
Scrolls
 e - 2 scrolls of random uselessness {unknown}
 g - a scroll of noise {unknown}
 j - 2 scrolls of teleportation {unknown}
 l - 2 scrolls of remove curse {unknown}
 q - 2 scrolls of identify {unknown}
 t - a scroll of enchant armour {unknown}
Potions
 d - 2 potions of heal wounds {unknown}
 h - a potion of lignification {unknown}
 k - a potion of haste {unknown}
 m - a potion of might {unknown}
 o - 2 potions of agility {unknown}
 p - a potion of resistance {unknown}
 r - a potion of berserk rage {unknown}
Comestibles
 c - 3 bread rations
 i - a beef jerky
 n - a meat ration
 s - a slice of pizza


   Skills:
 - Level 3.9 Fighting
 + Level 6.9 Axes
 - Level 2.5 Armour
 - Level 2.1 Dodging


You had 4 spell levels left.
You didn't know any spells.

Dungeon Overview and Level Annotations

Branches:
Dungeon (3/15)

Altars:


Innate Abilities, Weirdness & Mutations

You reflexively headbutt those who attack you in melee.
You have a pair of horns on your head.


Message History

You start resting.
Something barely misses you.
You start resting.
Something hits you.
* * * LOW HITPOINT WARNING * * *
You start resting.
You hear some strange, mumbled words.
A magic dart appears from out of thin air!
The magic dart hits you!
* * * LOW HITPOINT WARNING * * *
You start resting.
You feel sick.
You are no longer poisoned.
Something hits you.
* * * LOW HITPOINT WARNING * * *
There is a strange disturbance nearby!
There is a strange disturbance nearby!
A red film seems to cover your vision as you go berserk!
You feel yourself moving faster!
You feel mighty!
You are feeling very hungry.
Something hits you but does no damage.
You closely miss something. Your headbutt misses something. Something hits you.
You die...

..# ... #.# #
#.# #.#.# ##
#.##.#.###..
#....){..#.###
#.##.#@#.#...
..........#%#
..........<.#
#####.#.#.###
#.#.#..
....####
##.... #####


There were no monsters in sight!

Vanquished Creatures
  An orc priest (D:3)
  3 gnolls (D:2)
  5 adders
  3 dart slugs
  3 leopard geckos (D:1)
  2 orcs
  A ball python (D:2)
  A giant cockroach (D:2)
  5 goblins
  3 hobgoblins
  7 jackals (D:2)
  A quokka (D:2)
  A bat (D:1)
  4 frilled lizards (D:1)
  6 kobolds
  4 rats
50 creatures vanquished.

Notes
Turn   | Place    | Note
-------+----------+-------------------------------------------
     0 | D:1      | Naow the Minotaur Berserker began the quest for the Orb.
     0 | D:1      | Reached XP level 1. HP: 19/19 MP: 0/0
   178 | D:1      | Reached XP level 2. HP: 26/27 MP: 1/1
   200 | D:1      | Reached skill level 4 in Axes
   498 | D:2      | Reached skill level 5 in Axes
   498 | D:2      | Reached XP level 3. HP: 31/33 MP: 2/2
   556 | D:2      | Reached ** piety under Trog
   783 | D:2      | Reached XP level 4. HP: 38/40 MP: 3/3
   971 | D:2      | Reached skill level 6 in Axes
  1437 | D:3      | Reached XP level 5. HP: 20/46 MP: 4/4
  1442 | D:3      | HP: 1/46 [something (3)]
  1444 | D:3      | Slain by an orc wizard

Vault maps used:
D:1:      roderic_octagonal_star
D:2:      kennysheep_decorative_pillar
D:3:      st_stairs_12

Skill      XL: |  1  2  3  4 |
---------------+-------------+-----
Axes           | 5 6 |  6.9
Fighting       | |  3.9
Armour         | |  2.5
Dodging        | |  2.1

Action                   |  1- 3 |  4- 6 || total
-------------------------+-------+-------++-------
Melee: Hand axe          |    56 |    48 ||   104
       Headbutt          |     9 |     5 ||    14
Invok: Berserk           |     2 |     2 ||     4
  Eat: Chunk             |     1 |     3 ||     4
Armor: Animal skin       |    15 |     7 ||    22
Dodge: Dodged            |    54 |    27 ||    81
